 Dungeon Crawl Stone Soup version 0.19-a0-1456-gc747e27 (webtiles) character file.

46 RonnieColeman the Conjurer (level 3, -4/21 HPs)
             Began as an Octopode Conjurer on Sept 6, 2016.
             Slain by a gnoll
             ... wielding a +0 spear
              (6 damage)
             ... on level 2 of the Dungeon.
             The game lasted 00:01:49 (923 turns).

RonnieColeman the Conjurer (Octopode Conjurer)       Turns: 923, Time: 00:01:50

Health: -4/21      AC:  1    Str:  7    XL:     3   Next: 66%
Magic:  4/7        EV: 13    Int: 18    God:
Gold:   45         SH:  0    Dex: 12    Spells: 1 memorised, 7 levels left

rFire  . . .     SeeInvis .     d - +0 short sword
rCold  . . .     Gourm    .     (no shield)
rNeg   . . .     Faith    .     (helmet restricted)
rPois  .         Spirit   .     (no amulet)
rElec  .         Dismiss  .     (no ring)
rCorr  .         Reflect  .     (no ring)
MR     .....     Harm     .     (no ring)
Stlth  +++.......               (no ring)
                                (no ring)
                                (no ring)
                                (no ring)
                                (no ring)

@: no status effects
A: almost no armour, stealthy swim, amphibious, 8 rings, constrict 8, camouflage
1, gelatinous body 1
a: no special abilities


You were on level 2 of the Dungeon.
You were not hungry.

You visited 1 branch of the dungeon, and saw 2 of its levels.

You collected 45 gold pieces.

Inventory:

Hand Weapons
 c - a +0 whip
 d - a +0 short sword (weapon)
Jewellery
 l - an uncursed ring of protection from magic {unknown}
Scrolls
 e - 2 scrolls of enchant armour {unknown}
 g - 2 scrolls of recharging
 h - 2 scrolls of remove curse {unknown}
 j - a scroll of identify {unknown}
Potions
 i - a potion of agility {unknown}
Books
 a - a book of Conjurations

   Spells                             Type                      Level
   a - Magic Dart                     Conjuration                  1
   b - Searing Ray                    Conjuration                  2
   c - Dazzling Spray                 Conjuration/Hexes            3
   d - Fulminant Prism                Conjuration/Hexes            4
   e - Iskenderun's Mystic Blast      Conjuration                  4
   f - Iskenderun's Battlesphere      Conjuration/Charms           5
Comestibles
 b - 3 bread rations
 f - 3 chunks of flesh
 k - a beef jerky
 m - a slice of pizza


   Skills:
 - Level 2.0 Dodging
 - Level 2.6 Stealth
 * Level 3.3 Spellcasting
 + Level 4.2 Conjurations


You had 7 spell levels left.
You knew the following spells:

 Your Spells              Type           Power        Failure   Level  Hunger
a - Magic Dart            Conj           ###.         2%          1    None


Dungeon Overview and Level Annotations

Branches:
Dungeon (2/15)

Altars:


Innate Abilities, Weirdness & Mutations

You cannot wear most types of armour.
You are very stealthy in the water.
You are amphibious.
You can wear up to eight rings at the same time.
You can use your tentacles to constrict eight enemies at once.
Your skin changes colour to match your surroundings (Stealth+).
Your rubbery body absorbs attacks. (AC +1, EV +1)


Message History

You hit the gnoll but do no damage.
The gnoll is lightly wounded.
You constrict the gnoll, but do no damage.
The gnoll barely misses you. x2
You hit the gnoll but do no damage.
You squeeze the gnoll, but do no damage.
The gnoll is lightly wounded.
You constrict the gnoll. The gnoll completely misses you.
The gnoll hits you with a halberd!
Ouch! That really hurt!
* * * LOW HITPOINT WARNING * * *
A gnoll comes into view. It is wielding a halberd.
Unknown command.
Unknown command.
As you read the scroll labeled TAIGRA TASIN, it crumbles to dust.
It is a scroll of recharging.
You aren't carrying any rechargeable items.
You constrict the gnoll.
The gnoll hits you from afar with a spear.
You die...

.........####
..<..>..###.###
...))..##...... .
............## ..
.............# ...
.............# g..
...###.......## ..
..............####g##
...###.........$@gr.#
... #.......#####..#
.. #.......# ##
##.....## ##...##
####


You could see 3 gnolls and a rat.

Vanquished Creatures
  An adder (D:2)
  A dart slug (D:1)
  A giant gecko (D:1)
  A ball python (D:1)
  3 bats
  5 hobgoblins
  6 jackals
  6 kobolds
  2 goblins
  4 rats
30 creatures vanquished.

Notes
Turn   | Place    | Note
-------+----------+-------------------------------------------
     0 | D:1      | RonnieColeman the Octopode Conjurer began the quest for the Orb.
     0 | D:1      | Reached XP level 1. HP: 11/11 MP: 3/3
    32 | D:1      | Reached XP level 2. HP: 16/17 MP: 0/5
   715 | D:2      | Reached XP level 3. HP: 21/21 MP: 4/7
   923 | D:2      | Slain by a gnoll

Vault maps used:
D:1:      scummos_arrival_simple_fountains, serial_park_tiny_2
D:2:      hangedman_glass_teeth, minivault_11, minmay_misc_feat_ornament

Skill      XL: |  1  2  3 |
---------------+----------+-----
Spellcasting   | 3 |  3.3
Dodging        | |  2.0
Stealth        | |  2.6
Conjurations   | |  4.2

Action                   || total
-------------------------++-------
Melee: Unarmed           ||     4
       Whip              ||     9
       Constrict         ||    10
       Tentacles         ||     7
       Short sword       ||    27
 Cast: Magic Dart        ||    33
  Use: Scroll            ||     1
 Stab: Sleeping          ||     2
Armor: Skin              ||     4
Dodge: Dodged            ||    43
